 Dungeon Crawl Stone Soup version 0.17.1-1-g73c8601 (webtiles) character file.

50 JustSomeDude the Sneak (level 3, -6/27 HPs)
             Began as a Demonspawn Assassin on Dec 16, 2015.
             Mangled by an orc priest
             ... wielding a +2 flail of protection
              (9 damage)
             ... on level 3 of the Dungeon.
             The game lasted 00:04:15 (2117 turns).

JustSomeDude the Sneak (Demonspawn Assassin)        Turns: 2117, Time: 00:04:15

Health: -6/27      AC:  3    Str: 17    XL:     3   Next: 55%
Magic:  3/3        EV: 12    Int: 12    God:
Gold:   68         SH:  0    Dex: 14    Spells: 0 memorised, 2 levels left

rFire  . . .     SeeInvis .     a - +3 dagger
rCold  . . .     Clarity  .     c - +0 robe
rNeg   . . .     SustAt   .     (no shield)
rPois  .         Gourm    .     (no helmet)
rElec  .         Spirit   .     d - +0 cloak
rCorr  .         Warding  .     (no gloves)
rMut   .         Stasis   .     (no boots)
MR     .....                    (no amulet)
Stlth  +++.......               (no ring)
                                (no ring)

@: mighty, hasted, very quick, not resistant to hostile enchantments, fairly
stealthy
A: powered by pain 2
a: no special abilities


You were on level 3 of the Dungeon.
You were not hungry.

You visited 1 branch of the dungeon, and saw 3 of its levels.

You collected 68 gold pieces.

Inventory:

Hand Weapons
 a - a +3 dagger (weapon)
 b - a +0 blowgun
Missiles
 e - 8 poisoned needles
 f - 2 curare-tipped needles
 p - 4 needles of slowing
Armour
 c - a +0 robe (worn)
 d - a +0 cloak (worn)
Wands
 t - a wand of teleportation (6)
Scrolls
 h - 2 scrolls of identify
 i - 2 scrolls of remove curse
 j - a scroll of teleportation
 q - a scroll of enchant weapon
 r - a scroll of magic mapping
Potions
 l - 2 potions of agility {unknown}
 m - 2 potions of heal wounds {unknown}
 n - 2 potions of curing {unknown}
Comestibles
 g - a bread ration
 s - a beef jerky


   Skills:
 + Level 2.2 Fighting
 + Level 1.9 Short Blades
 + Level 1.9 Throwing
 + Level 1.7 Dodging
 + Level 4.4 Stealth


You had 2 spell levels left.
You didn't know any spells.

Dungeon Overview and Level Annotations

Branches:
Dungeon (3/15)

Altars:
Ashenzari
Cheibriados
Qazlal

Annotations:
D:3 Sigmund


Innate Abilities, Weirdness & Mutations

You sometimes gain power by taking damage.


Message History

The orc shouts!
The jackal barks!
The orc shouts!
The jackal barks!
Your surroundings suddenly seem different.
You start resting.
An orc priest comes into view. It is wielding a flail of protection.
Found a stone staircase leading down.
An orc comes into view. It is wielding a short sword.
You hit the orc priest but do no damage.
The orc priest hits you with a flail of protection.
You hit the orc priest but do no damage.
You hit the orc priest.
The orc priest is lightly wounded.
The orc priest invokes the aid of Beogh against you.
Something smites you!
* * * LOW HITPOINT WARNING * * *
You focus on the pain.
You feel very mighty all of a sudden.
Drink which item? (? for menu, Esc to quit)
You feel yourself speed up.
The orc priest hits you with a flail of protection!
You die...

**,,,****,*****,*,*,*,,,,,,,,,*
,,,,,,,,,,.>,..,,,*,*,****,,,***
****,****,*.##.###*,*,*,,,,,,*,*
,,,,,,,,,,,,......,,*,*,,,,,,,,*
****,***,,,,,....#***,*,,,**,*,*
*,,**,,,,,,...##**,*,,,**,*,*
*****,**,,,,,,,o..,,,,,,,,**,*,*
,,*,,,*****+**+#o#***,,,*,,*,*,*
,,,,,,,* *,**,#@# ******,*,*,*
,,,,,,,** *,**,#.# *,*,*,*
,,,,<,,,***+**,#.#########.#,*,*
,,,,,,,,**,,,*,#...........#,*,*
,,,,,,,,,*,,,*,#############,*,*
,,,,,,,*,*,,,*,,,,,,,* *,,,,,*,*
,,,,,,,*,*,,,,,****>** *,*****,**
,,**,,,*,,,,,,,*,,,,,***,,,,,,,,,
*********,,,,,,*,**,,,,,,,,,**,*,


You could see an orc priest and an orc.

Vanquished Creatures
  An adder (D:2)
  An ooze (D:1)
  7 bats
  A giant cockroach (D:1)
  2 goblins (D:2)
  4 hobgoblins
  5 jackals
  A quokka (D:2)
  2 giant newts
  7 kobolds
  7 rats
38 creatures vanquished.

Notes
Turn   | Place    | Note
--------------------------------------------------------------
     0 | D:1      | JustSomeDude the Demonspawn Assassin began the quest for the Orb.
     0 | D:1      | Reached XP level 1. HP: 16/16 MP: 1/1
   185 | D:1      | Reached skill level 1 in Dodging
   317 | D:1      | Reached skill level 4 in Stealth
   317 | D:1      | Gained mutation: You sometimes gain a little power by taking damage. [demonic ancestry]
   317 | D:1      | Reached XP level 2. HP: 13/22 MP: 2/2
  1099 | D:2      | Gained mutation: You sometimes gain power by taking damage. [demonic ancestry]
  1099 | D:2      | Reached XP level 3. HP: 19/27 MP: 3/3
  1386 | D:2      | Found a stormy altar of Qazlal.
  1725 | D:2      | Found a snail-covered altar of Cheibriados.
  1725 | D:2      | Found a shattered altar of Ashenzari.
  2091 | D:3      | Noticed Sigmund
  2117 | D:3      | Mangled by an orc priest

Action                   || total
-------------------------++-------
Melee: Dagger            ||   147
  Use: Scroll            ||     8
       Potion            ||     1
 Stab: Distracted        ||     2
       Sleeping          ||     4
  Eat: Bread ration      ||     1
